 Dungeon Crawl Stone Soup version 0.31-a0-188-g5e087ee2ca (webtiles) character file.

Game seed: 9041891844990982880

217 qw the Skirmisher (level 5, -2/29 HPs)
             Began as a Deep Elf Hunter on June 23, 2023.
             Slain by a kobold brigand
             ... wielding a +2 dagger of speed
              (8 damage)
             ... on level 3 of the Dungeon.
             The game lasted 00:01:08 (1511 turns).

qw the Skirmisher (Deep Elf Hunter)                 Turns: 1511, Time: 00:01:09

Health: -2/29      AC: 12    Str: 13    XL:     5   Next: 62%
Magic:  7/7        EV: 10    Int: 14    God:
Gold:   204        SH:  0    Dex: 18    Spells: 4/4 levels left

rFire   . . .        Y - +1 shortbow
rCold   . . .        (shield currently unavailable)
rNeg    + . .        n - +0 scale mail
rPois   .            g - +2 helmet
rElec   +            (no cloak)
rCorr   +            (no gloves)
SInv    .            e - +2 pair of boots
Will    .....        d - amulet "Tohuulyde" {Faith rElec rN+ Str+3}
Stlth   +            j - ring of resist corrosion
HPRegen 0.24/turn    (no ring)
MPRegen 0.10/turn

%: faith
@: about to teleport
A: no striking features
a: no special abilities


You were on level 3 of the Dungeon.
You visited 1 branch of the dungeon, and saw 3 of its levels.

You collected 204 gold pieces.


   Skills:
 + Level 1.5 Fighting
 - Level 9.0 Ranged Weapons
 - Level 1.0 Armour
 - Level 2.4 Dodging
 - Level 1.2 Stealth


You had 4 spell levels left.
You didn't know any spells.
Your spell library was empty.

Inventory:

Hand Weapons
 Y - a +1 shortbow (weapon)
Armour
 e - a +2 pair of boots (worn)
 g - a +2 helmet (worn)
 n - a +0 scale mail (worn)
Jewellery
 d - the amulet "Tohuulyde" (around neck) {Faith rElec rN+ Str+3}
   (You acquired it on level 1 of the Dungeon)

   [amulet of faith]

   It allows you to gain divine favour quickly.
   Str:       It affects your strength (+3).
   rElec:     It insulates you from electricity.
   rN:        It protects you from negative energy.
 j - a ring of resist corrosion (left hand)
Scrolls
 c - a scroll of identify {unknown}
 l - a scroll of teleportation
Potions
 a - a potion of attraction {unknown}
 b - a potion of resistance {unknown}
 f - a potion of haste {unknown}
 h - a potion of heal wounds {unknown}
 i - a potion of curing {unknown}

Dungeon Overview and Level Annotations

Branches:
Dungeon (3/15)

Altars:


Message History

The hobgoblin is almost dead.
The hobgoblin closely misses you.
You shoot an arrow. The arrow barely misses the hobgoblin.
The arrow barely misses the kobold brigand.
You shoot an arrow. The arrow hits the kobold brigand.
The kobold brigand is lightly wounded.
You shoot an arrow.
The arrow completely misses the kobold brigand.
The arrow hits the hobgoblin.
You kill the hobgoblin!
The kobold brigand hits you with a +2 dagger of speed.
The kobold brigand hits you but does no damage.
Your Ranged Weapons skill increases to level 9!
You shoot an arrow.
The arrow hits the kobold brigand but does no damage.
The kobold brigand is lightly wounded.
The kobold brigand hits you but does no damage.
You shoot an arrow.
The arrow completely misses the kobold brigand.
The kobold brigand completely misses you.
The kobold brigand hits you with a +2 dagger of speed.
You shoot an arrow.
The arrow barely misses the kobold brigand.
The kobold brigand hits you but does no damage.
The kobold brigand hits you with a +2 dagger of speed.
1509 ||| READING 2 scrolls of teleportation.
As you read the scroll of teleportation, it crumbles to dust.
You feel strangely unstable.
The kobold brigand completely misses you.
The kobold brigand hits you but does no damage.
You shoot an arrow.
The arrow hits the kobold brigand but does no damage.
The kobold brigand is lightly wounded.
The kobold brigand closely misses you.
You shoot an arrow.
The arrow hits the kobold brigand but does no damage.
The kobold brigand is lightly wounded.
The kobold brigand hits you but does no damage.
The kobold brigand hits you with a +2 dagger of speed!
You die...

.##.# #.......# #.####
.##.#########..# #....#
......K.#####..#######
####.#
.#......gK...........#####
#.#
.#.####.#####K...........#
#.# .#.# #.#
##.#####.###.# #.# .#.#
#.# #.# #.# #.# #.# ##.#
#.# #)#####.###.# #.# ..#
#.# #)K@)....##.####.# ###
#.# #####..#.........# #.#
##.....#>###### #.#
####........#
.......<....#
####.......## ##.....##
##...## ##...


You could see a kobold brigand.

Vanquished Creatures
  An orc priest (D:3)
  2 orc wizards
  Robin (D:3)
  3 adders
  A worm (D:2)
  3 dart slugs
  6 orcs
  4 endoplasms
  2 giant cockroaches (D:1)
  10 goblins
  11 hobgoblins
  A quokka (D:2)
  4 ball pythons
  7 bats
  7 frilled lizards
  9 kobolds
  14 rats
86 creatures vanquished.

Notes
Turn   | Place    | Note
-------+----------+-------------------------------------------
     0 | D:1      | qw the Deep Elf Hunter began the quest for the Orb.
     0 | D:1      | Reached XP level 1. HP: 12/12 MP: 3/3
     0 | D:1      | 0 ||| qw: Version: 0.3-a-9-g12657ce
     0 | D:1      | 0 ||| qw: Game counter: 3685
     0 | D:1      | 0 ||| qw: Always use a shield: true
     0 | D:1      | 0 ||| qw: God list: Okawaru
     0 | D:1      | 0 ||| qw: Allow faded altars: false
     0 | D:1      | 0 ||| qw: Do Orc after D:15 true
     0 | D:1      | 0 ||| qw: Do second Lair branch before Depths: true
     0 | D:1      | 0 ||| qw: Lair rune preference: random
     0 | D:1      | 0 ||| qw: Plans: Normal
     0 | D:1      | 0 ||| PLANNING D:1-11
    87 | D:1      | Reached XP level 2. HP: 16/16 MP: 4/4
    90 | D:1      | Reached skill level 6 in Ranged Weapons
   356 | D:1      | Reached XP level 3. HP: 16/20 MP: 5/5
   454 | D:1      | 454 ||| UPGRADING to +2 helmet.
   459 | D:1      | 459 ||| UPGRADING to +0 pair of boots.
   464 | D:1      | 464 ||| UPGRADING to ring of resist corrosion.
   465 | D:1      | 465 ||| READING 2 scrolls labelled SUELLI NENO.
   466 | D:1      | 466 ||| READING scroll labelled BYUV OSEGUTI.
   466 | D:1      | Identified a scroll of acquirement
   466 | D:1      | 466 ||| ACQUIRING amulet "Tohuulyde" {Faith rElec rN+
                  | Str+3}
   466 | D:1      | Acquired the amulet "Tohuulyde" {Faith rElec rN+ Str+3}
   468 | D:1      | 468 ||| UPGRADING to amulet "Tohuulyde" {Faith rElec rN+
                  | Str+3}.
   473 | D:1      | 473 ||| READING scroll labelled NOR KEUTUU.
   474 | D:1      | 474 ||| READING 3 scrolls labelled FIAPHU ECSIZIZ.
   478 | D:1      | 478 ||| DROPPING scroll of amnesia.
   479 | D:1      | 479 ||| DROPPING scroll of butterflies.
   571 | D:2      | Reached skill level 7 in Ranged Weapons
   757 | D:2      | Reached XP level 4. HP: 19/25 MP: 6/6
   990 | D:2      | 990 ||| UPGRADING to +0 scale mail.
  1000 | D:2      | 1000 ||| DROPPING +0 leather armour.
  1001 | D:2      | 1001 ||| READING scroll labelled JOPNOLUSUS.
  1002 | D:2      | 1002 ||| READING scroll labelled QENOCIO OZEUJI.
  1003 | D:2      | 1003 ||| READING scroll labelled YDUTWU ERODOI.
  1004 | D:2      | 1004 ||| DRINKING 2 viscous golden potions.
  1005 | D:2      | 1005 ||| DROPPING potion of degeneration.
  1209 | D:3      | Noticed Robin
  1213 | D:3      | Reached skill level 8 in Ranged Weapons
  1216 | D:3      | Killed Robin
  1258 | D:3      | 1258 ||| FLEEEEING.
  1260 | D:3      | 1260 ||| FLEEEEING.
  1261 | D:3      | 1261 ||| FLEEEEING.
  1262 | D:3      | 1262 ||| FLEEEEING.
  1263 | D:3      | 1263 ||| FLEEEEING.
  1264 | D:3      | 1264 ||| FLEEEEING.
  1265 | D:3      | 1265 ||| STAIRDANCE
  1275 | D:2      | 1275 ||| UPGRADING to +2 pair of boots.
  1285 | D:2      | 1285 ||| DROPPING +0 pair of boots.
  1286 | D:2      | 1286 ||| READING scroll labelled VUSSOE CEULACK.
  1293 | D:3      | Reached skill level 1 in Armour
  1297 | D:3      | 1297 ||| STAIRDANCE
  1299 | D:3      | 1299 ||| STAIRDANCE
  1310 | D:2      | Reached XP level 5. HP: 22/29 MP: 7/7
  1341 | D:3      | 1341 ||| STAIRDANCE
  1448 | D:3      | HP: 4/29 [orc priest/divine providence (13)]
  1449 | D:3      | 1449 ||| READING 3 scrolls of teleportation.
  1453 | D:3      | 1453 ||| FLEEEEING.
  1454 | D:3      | 1454 ||| FLEEEEING.
  1455 | D:3      | 1455 ||| FLEEEEING.
  1456 | D:3      | 1456 ||| FLEEEEING.
  1457 | D:3      | 1457 ||| FLEEEEING.
  1458 | D:3      | 1458 ||| FLEEEEING.
  1459 | D:3      | 1459 ||| FLEEEEING.
  1460 | D:3      | 1460 ||| FLEEEEING.
  1461 | D:3      | 1461 ||| FLEEEEING.
  1462 | D:3      | 1462 ||| FLEEEEING.
  1463 | D:3      | 1463 ||| FLEEEEING.
  1464 | D:3      | 1464 ||| FLEEEEING.
  1465 | D:3      | 1465 ||| FLEEEEING.
  1466 | D:3      | 1466 ||| FLEEEEING.
  1467 | D:3      | 1467 ||| FLEEEEING.
  1468 | D:3      | 1468 ||| FLEEEEING.
  1470 | D:3      | 1470 ||| FLEEEEING.
  1471 | D:3      | 1471 ||| FLEEEEING.
  1472 | D:3      | 1472 ||| FLEEEEING.
  1473 | D:3      | 1473 ||| FLEEEEING.
  1474 | D:3      | 1474 ||| FLEEEEING.
  1475 | D:3      | 1475 ||| FLEEEEING.
  1476 | D:3      | 1476 ||| FLEEEEING.
  1477 | D:3      | 1477 ||| FLEEEEING.
  1478 | D:3      | 1478 ||| FLEEEEING.
  1479 | D:3      | 1479 ||| FLEEEEING.
  1480 | D:3      | 1480 ||| FLEEEEING.
  1481 | D:3      | 1481 ||| FLEEEEING.
  1482 | D:3      | 1482 ||| FLEEEEING.
  1483 | D:3      | 1483 ||| FLEEEEING.
  1484 | D:3      | 1484 ||| FLEEEEING.
  1485 | D:3      | 1485 ||| FLEEEEING.
  1486 | D:3      | 1486 ||| FLEEEEING.
  1487 | D:3      | 1487 ||| FLEEEEING.
  1488 | D:3      | 1488 ||| FLEEEEING.
  1489 | D:3      | 1489 ||| FLEEEEING.
  1490 | D:3      | 1490 ||| FLEEEEING.
  1491 | D:3      | 1491 ||| FLEEEEING.
  1492 | D:3      | 1492 ||| FLEEEEING.
  1493 | D:3      | 1493 ||| FLEEEEING.
  1494 | D:3      | 1494 ||| FLEEEEING.
  1495 | D:3      | 1495 ||| FLEEEEING.
  1498 | D:3      | 1498 ||| FLEEEEING.
  1506 | D:3      | Reached skill level 9 in Ranged Weapons
  1508 | D:3      | HP: 5/29 [kobold brigand/+2 dagger of speed (3)]
  1509 | D:3      | 1509 ||| READING 2 scrolls of teleportation.
  1511 | D:3      | Slain by a kobold brigand

Levels and vault maps discovered:
D:1:      lemuel_arrival_lava_pool, layout_rooms, hangedman_decor_points
D:2:      layout_rooms, minmay_crystal_room, minmay_rat_gold_closets
D:3:      cheibrodos_thug_alley, layout_loops_ring, uniq_robin

Skill      XL: |  1  2  3  4  5 |
---------------+----------------+-----
Ranged Weapons | 6 7 8 9 |  9.0
Armour         | 1 |  1.0
Fighting       | |  1.5
Dodging        | |  2.4
Stealth        | |  1.2

Action                     |  1- 3 |  4- 6 || total
---------------------------+-------+-------++-------
   Fire: Shortbow          |   129 |   114 ||   243
    Use: Scroll            |     4 |     6 ||    10
         Potion            |       |     1 ||     1
 Armour: Leather armour    |    21 |     1 ||    22
         Scale mail        |       |    29 ||    29
  Dodge: Dodged            |    26 |    24 ||    50

Table legend:
 A = Non-vault XP
 B = Vault XP
 C = Vault XP percentage of total XP
 D = Non-vault monster count
 E = Vault monster count
 F = Vault count percentage of total count
                 A         B        C        D         E       F
            +---------+---------+-------+---------+---------+-------
      Total |     260 |      51 |  16.4 |      63 |      23 |  26.7
            +---------+---------+-------+---------+---------+-------
        D:1 |      44 |       0 |   0.0 |      27 |       0 |   0.0
        D:2 |     101 |       7 |   6.5 |      21 |       7 |  25.0
        D:3 |     115 |      44 |  27.7 |      15 |      16 |  51.6
            +---------+---------+-------+---------+---------+-------
